 Dungeon Crawl Stone Soup version 0.28-a0-851-g8b9cc49659 (webtiles) character file.

Game seed: 1558512468046559978

89 avis the Slasher (level 4, -1/35 HPs)
             Began as a Barachi Warper on Nov 14, 2021.
             Slain by an orc (4 damage)
             ... on level 3 of the Dungeon.
             The game lasted 00:11:48 (3096 turns).

avis the Slasher (Barachi Warper)                   Turns: 3096, Time: 00:11:49

Health: -1/35      AC:  3    Str: 13    XL:     4   Next: 55%
Magic:  4/8        EV: 11    Int: 13    God:
Gold:   137        SH:  0    Dex: 12    Spells: 7/9 levels left

rFire   . . .      SeeInvis .   a - +0 falchion
rCold   . . .      Faith    .   (no shield)
rNeg    . . .      Spirit   .   i - +0 leather armour
rPois   .          Reflect  .   (no helmet)
rElec   .          Harm     .   (no cloak)
rCorr   .          Rampage  .   (no gloves)
Will    .....                   (no boots)
Stlth   +.........              (no amulet)
HPRegen 0.11/turn               (no ring)
MPRegen 0.11/turn               (no ring)

@: unable to hop, slow
A: amphibious, slowness 1, strong legs 1, +LOS
a: Hop


You were on level 3 of the Dungeon.
You visited 1 branch of the dungeon, and saw 3 of its levels.

You collected 137 gold pieces.

Inventory:

Hand Weapons
 a - a +0 falchion (weapon)
 n - a +0 hunting sling
Missiles
 d - 5 boomerangs of dispersal (quivered)
 g - 53 stones
 o - 28 arrows
Armour
 h - a +2 kite shield
 i - a +0 leather armour (worn)
 j - a +0 buckler
 r - a +0 pair of gloves
Magical Staves
 b - a staff of conjuration
Scrolls
 c - a scroll of blinking
 f - a scroll of teleportation {unknown}
 k - 2 scrolls of magic mapping {unknown}
 l - 3 scrolls of identify {unknown}
 p - a scroll of amnesia {unknown}
 q - a scroll of vulnerability {unknown}
Potions
 e - a potion of heal wounds {unknown}
 m - a potion of magic {unknown}


   Skills:
 + Level 3.5 Fighting
 + Level 4.0 Long Blades
 - Level 1.0 Throwing
 - Level 1.2 Armour
 - Level 2.1 Dodging
 - Level 3.0 Spellcasting
 * Level 3.5 Translocations


You had 7 spell levels left.
You knew the following spells:

 Your Spells              Type           Power      Damage    Failure   Level
b - Blink                 Tloc           22%        N/A       11%         2

Your spell library contained the following spells:

 Spells                   Type           Power      Damage    Failure   Level
 Gell's Gravitas          Tloc           11%        N/A       21%         3
 Lesser Beckoning         Tloc           11%        N/A       21%         3
 Teleport Other           Tloc           11%        N/A       21%         3
 Sting                    Tmut/Pois      4%         1d3       28%         1
 Poisonous Vapours        Pois/Air       2%         N/A       41%         2
 Ignite Poison            Fire/Tmut/Pois 1%         N/A       65%         3
 Mephitic Cloud           Conj/Pois/Air  1%         N/A       65%         3
 Manifold Assault         Tloc           11%        N/A       88%         5
 Olgreb's Toxic Radiance  Pois           1%         N/A       96%         4
 Freezing Cloud           Conj/Ice/Air   0%         6-21      100%        5
 Dispersal                Tloc           5%         N/A       100%        6


Dungeon Overview and Level Annotations

Branches:
Dungeon (3/15)

Altars:

Shops:
D:2 !


Innate Abilities, Weirdness & Mutations

You are amphibious.
You cover ground slowly.
You can hop short distances.
You have an extended range of vision and can be seen from far away.


Message History

The orc wizard closely misses you. The orc hits you with a +0 short sword.
* * * LOW HITPOINT WARNING * * *
You closely miss the orc wizard.
The orc wizard is severely wounded.
The orc wizard hits you with a +0 dagger.
* * * LOW HITPOINT WARNING * * *
The orc hits you with a +0 short sword.
* * * LOW HITPOINT WARNING * * *
Hop to where?
Press: ? - help, Dir - move target
Found a stone staircase leading down.
Boing!
Found 5 gold pieces.
Found a scroll labelled AVULIWN KUOTSO.
Casting: Blink (safe; 11% risk of failure)
Confirm with . or Enter, or press ? or * to list all spells.
You blink.
You see here a scroll labelled AVULIWN KUOTSO.
You feel stable enough to blink again. The ball python barely misses you. x2
Casting: Blink (safe; 11% risk of failure)
Confirm with . or Enter, or press ? or * to list all spells.
You miscast Blink.
You are very lightly contaminated with residual magic.
Nothing appears to happen.
The ball python barely misses you. The ball python grabs you.
The ball python constricts you.
* * * LOW HITPOINT WARNING * * *
The ball python barely misses you. The ball python constricts you.
Casting: Blink (safe; 11% risk of failure)
Confirm with . or Enter, or press ? or * to list all spells.
You escape the ball python's grasp.
You blink.
The ball python closely misses you. x2
You slash the ball python!
You kill the ball python!
The orc wizard gestures wildly while chanting.
The orc wizard flickers and vanishes!
Deactivating autopickup; reactivate with Ctrl-A.
You feel stable enough to blink again.
Your magical contamination has completely faded away.
The orc hits you with a +0 short sword.
You die...

########### #######.........#
........#######.# ...####.# #.#
#.####.# #.####### #.o†...#
#.......# #..#...# #.@..##.####
....#..o# #o#........#####
##......#######.#.#..........#
####...........#.#.#....###.#
#o#....>...#.#........##.#
#S##......o.........).##)#
#####.##.#...##.#.#.#.#.†.##.#
..$.[....######{#.#...##..##.####
#####.##### #o#.##.............


You could see 2 orcs.

Vanquished Creatures
  3 adders
  A worm (D:2)
  A dart slug (D:1)
  4 endoplasms
  2 giant cockroaches (D:2)
  5 goblins
  5 hobgoblins
  3 quokkas
  8 ball pythons
  10 bats
  5 frilled lizards
  2 kobolds (D:2)
  6 rats
55 creatures vanquished.

Notes
Turn   | Place    | Note
-------+----------+-------------------------------------------
     0 | D:1      | avis the Barachi Warper began the quest for the Orb.
     0 | D:1      | Reached XP level 1. HP: 17/17 MP: 3/3
   153 | D:1      | Reached skill level 3 in Long Blades
   167 | D:1      | Reached XP level 2. HP: 12/23 MP: 5/5
   586 | D:1      | Learned a level 2 spell: Blink
   999 | D:1      | Found a faded altar of an unknown god.
  1192 | D:2      | Reached XP level 3. HP: 7/29 MP: 6/6
  1198 | D:2      | HP: 2/43 [poisoned by an adder]
  1908 | D:2      | Found Luziner's Distillery.
  1921 | D:2      | Reached XP level 4. HP: 7/35 MP: 8/8
  2969 | D:3      | Reached skill level 4 in Long Blades
  3070 | D:3      | HP: 1/35 [orc (2)]
  3096 | D:3      | Slain by an orc

Illustrated notes

Levels and vault maps discovered:
D:1:      eino_arrival_water_cross, layout_loops_ring,
          ebering_ecumenical_altar_hall
D:2:      layout_basic, serial_shops, nicolae_diamond_shop, grunt_ministairs_12,
          st_stairs_4, hex_medium
D:3:      layout_loops_ring, led_xom_imps,
          nicolae_uskayaw_murder_on_the_dancefloor

Skill      XL: |  1  2  3  4 |
---------------+-------------+-----
Long Blades    | 3 4 |  4.0
Fighting       | 3 |  3.5
Spellcasting   | 3 |  3.0
Throwing       | |  1.0
Armour         | |  1.2
Dodging        | |  2.1
Translocations | |  3.5

Action                   |  1- 3 |  4- 6 || total
-------------------------+-------+-------++-------
Melee: Falchion          |   132 |    72 ||   204
 Cast: Blink             |       |     2 ||     2
 Abil: Hop               |       |     1 ||     1
  Use: Potion            |     2 |       ||     2
Armor: Leather armour    |    50 |    19 ||    69
Dodge: Dodged            |    89 |    57 ||   146

Table legend: (Time is in decaauts)
 A = Elapsed time spent in this place.
 B = Non-inter-level travel time spent in this place.
 C = Inter-level travel time spent in this place.
 D = Time resting spent in this place.
 E = Time spent auto-exploring this place.
 F = Levels seen in this place.
 G = Mean time per level.
                   A        B        C        D        E       F      G
               +--------+--------+--------+--------+--------+-----+--------+
         Total |   3397 |   3227 |    170 |   1425 |   1064 |   3 | 1132.3 |
       Dungeon |   3397 |   3227 |    170 |   1425 |   1064 |   3 | 1132.3 |
               +--------+--------+--------+--------+--------+-----+--------+

Top non-repeatable levels by time:
     D:2: 1921 daAuts
     D:1: 1301 daAuts
     D:3: 174 daAuts
